 Dungeon Crawl Stone Soup version 0.23.1 (webtiles) character file.

Game seed: 0

39941 KamiKatze the Basher (level 14, 0/135 HPs)
             Began as a Kobold Berserker on Mar 5, 2019.
             Was a High Priest of Trog.
             Slain by an ice devil (4 damage)
             ... summoned by an orc sorcerer
             ... on level 2 of the Orcish Mines on Mar 6, 2019.
             The game lasted 01:13:00 (19854 turns).

KamiKatze the Basher (Kobold Berserker)            Turns: 19854, Time: 01:13:01

Health: 0/135      AC: 23    Str: 24    XL:     14   Next: 42%
Magic:  15/15      EV: 23    Int:  8    God:    Trog [*****.]
Gold:   1307       SH:  8    Dex: 15    Spells: 13/13 levels left

rFire    . . .     SeeInvis +   a - +0 morningstar
rCold    . . .     Gourm    .   q - +2 buckler {rPois}
rNeg     . . .     Faith    .   p - +0 plate armour
rPois    +         Spirit   .   G - +0 helmet
rElec    .         Reflect  .   w - +1 cloak
rCorr    .         Harm     .   i - +2 pair of gloves
MR       +++..                  k - +2 pair of boots
Stlth    ..........             f - amulet of regeneration
HPRegen  1.72/turn              s - ring of see invisible
MPRegen  0.14/turn              M - ring of Phasing {EV+8}

@: berserking, lethally poisoned (0 -> -1), regenerating, drained, very quick
A: small, carnivore
a: Berserk, Trog's Hand, Brothers in Arms, Renounce Religion


You were on level 2 of the Orcish Mines.
You worshipped Trog.
Trog was extremely pleased with you.
You were very full.

You visited 4 branches of the dungeon, and saw 18 of its levels.
You also visited: Ossuary.

You collected 2035 gold pieces.
You spent 728 gold pieces at shops.

Inventory:

Hand Weapons
 a - a +0 morningstar (weapon)
 b - a +0 flail
Armour
 i - a +2 pair of gloves (worn)
 k - a +2 pair of boots (worn)
 p - a +0 plate armour (worn)
 q - a +2 buckler of poison resistance (worn)
 w - a +1 cloak (worn)
 G - a +0 helmet (worn)
Jewellery
 f - an amulet of regeneration (around neck)
 l - an uncursed ring of stealth
 s - a ring of see invisible (left hand)
 M - the ring of Phasing (right hand) {EV+8}
   (You found it on level 1 of the Lair of Beasts)

   [ring of evasion]

   It affects your evasion (+8).
Wands
 n - a wand of acid (8)
 u - a wand of random effects (29)
 E - a wand of digging (8)
 K - a wand of flame (21)
 P - a wand of disintegration (13)
Scrolls
 h - 4 scrolls of enchant weapon
 x - 4 scrolls of blinking
 y - 3 scrolls of magic mapping
 z - a scroll of immolation
 C - 2 scrolls of enchant armour
 D - a scroll of fear
 I - 3 scrolls of teleportation
 J - 3 scrolls of fog
 L - 2 scrolls of remove curse
 N - 4 scrolls of identify
Potions
 d - a potion of berserk rage
 e - 3 potions of might
 g - 4 potions of haste
 j - a potion of lignification
 m - 2 potions of ambrosia
 r - 3 potions of heal wounds
 v - 3 potions of curing
 A - 2 potions of invisibility
 H - 4 potions of agility
Comestibles
 c - 40 rations
 o - 13 chunks of flesh


   Skills:
 + Level 11.4(10.3) Fighting
 * Level 13.1(11.9) Maces & Flails
 + Level 8.7(7.7) Armour
 + Level 12.0(10.9) Dodging
 + Level 7.1(6.1) Shields
 - Level 2.0(1.1) Evocations


You had 13 spell levels left.
You didn't know any spells.
Your spell library was empty.

Dungeon Overview and Level Annotations

Branches:
Dungeon (10/15)            Temple (1/1) D:6            Lair (5/6) D:10
 Shoals (0/4) Lair:4       Spider (0/4) Lair:4          Orc (2/2) D:9
    Elf (0/3) Orc:2
  Slime: Lair:5-6

Altars:
Ashenzari
Cheibriados
Dithmenos
Elyvilon
Fedhas
Gozag
Hepliaklqana
Kikubaaqudgha
Makhleb
Nemelex Xobeh
Okawaru
Qazlal
Ru
Sif Muna
Trog
Uskayaw
Vehumet
Wu Jian
Xom
Yredelemnul
Zin
The Shining One
Jiyva

Shops:
D:4 [?=

Annotations:
D:4 3 runed translucent doors, 1994's ghost, amateur DEVM; Ethylacetat's ghost, amateur NaGl; Name63's ghost, novice GnWn; Sondor's ghost, amateur DsCK
Lair:1 exclusion: 2 oklob plants
Lair:3 3 runed translucent doors, exclusion: oklob plant, Loywebes's ghost, journeyman MiFi


Innate Abilities, Weirdness & Mutations

You are small and have problems with some larger weapons.
You are carnivorous and can eat meat at any time.


Message History

The orc wizard dies!
The ice devil hits you.
* * * LOW HITPOINT WARNING * * *
The ice devil freezes you!!
* * * LOW HITPOINT WARNING * * *
The orc sorcerer misses you.
You barely miss the orc sorcerer.
The orc sorcerer is almost dead.
You are engulfed in a cloud of scalding steam.
The orange demon stings you from afar.
* * * LOW HITPOINT WARNING * * *
You are poisoned.
The orange demon poisons you!
You closely miss the orc sorcerer.
The orc sorcerer is almost dead.
You are engulfed in a cloud of scalding steam.
You feel sick. The smoke demon closely misses you. The smoke demon hits you.
* * * LOW HITPOINT WARNING * * *
The smoke demon misses you. The ice devil hits you.
You die...

............. #. ......8...... #.
#....)# #. # #§...≈# ##. #
#≈...≈# #.. ## ## ##≈...≈## #
##.. .###≈# #§§...≈§# #≈###...
.§≈≈≈### ###§§..o3≈### ###≈≈≈§...
)[§≈≈≈≈###≈≈§≈44@≈≈≈≈###≈≈≈§§###.
)<[≈≈§§≈≈≈§##§§).≈##≈≈≈≈≈≈§§###..
#))).#≈§≈≈≈##§§§.≈##≈§§≈≈#...§...
.....§§...#≈≈§....≈§#............
#...§##.#.#..§......##...........
###.....[..##§....##.#.#.........
#......#..##.....##)..)...[.....
##.#.###.........[....##........
##...#...............####).....


You could see an orange demon, an ice devil, a smoke demon and an orc sorcerer.

Vanquished Creatures
  An orc warlord (Orc:2)
  Erolcha (Orc:1)
  3 hydras
  3 two-headed ogres
  Nergalle (Lair:3)
  An orc knight (Orc:1)
  3 orc sorcerers (Orc:2)
  A cyclops (Orc:2)
  3 black mambas
  A torpor snail (Lair:2)
  3 rime drakes
  14 spiny frogs
  10 komodo dragons
  A troll (Orc:2)
  5 polar bears
  3 hornets (D:8)
  A queen bee (Lair:1)
  14 blink frogs
  A snapping turtle (Lair:4)
  7 hippogriffs
  3 redbacks (Lair:4)
  2 wyverns
  A vampire (D:6)
  22 yaks
  A steam dragon (Lair:5)
  4 basilisks
  Menkaure (D:4)
  A warg (Orc:2)
  A soldier ant (D:8)
  8 water moccasins
  8 porcupines
  14 orc warriors
  A black bear (D:5)
  Purgy (D:4)
  A sky beast (D:10)
  A phantom (D:8)
  A necrophage (D:10)
  An ice beast (D:9)
  10 ogres
  3 wolves (Lair:5)
  5 centaurs
  5 crocodiles
  18 bullfrogs
  A gnoll sergeant (D:5)
  3 scorpions
  43 killer bees
  A howler monkey (D:9)
  4 wights (D:10)
  2 electric eels (Lair:3)
  3 centaur zombies
  2 crimson imps
  2 bullfrog zombies (D:6)
  A bullfrog skeleton (D:9)
  14 orc priests
  8 hounds
  3 jellies
  Crazy Yiuf (D:3)
  26 orc wizards
  Ijyb (D:3)
  8 iguanas
  15 worker ants
  4 big kobold zombies (Ossuary)
  A hound zombie (D:8)
  A hound skeleton (D:5)
  6 mummies
  9 gnolls
  21 adders
  An ooze (D:5)
  An adder zombie (D:8)
  2 adder skeletons
  7 worms
  2 dart slugs (D:1)
  2 leopard geckos
  48 orcs
  4 ball pythons
  10 bats
  2 giant cockroaches
  4 goblins
  4 hobgoblins
  15 jackals
  4 quokkas
  10 frilled lizards
  4 hobgoblin zombies (Ossuary)
  A jackal skeleton (D:5)
  A jackal zombie (D:8)
  2 kobolds
  9 rats
503 creatures vanquished.

Vanquished Creatures (others)
  An orc wizard (Orc:2)
  An orc (Orc:1)
  8 fungi
  22 plants
32 creatures vanquished.

Grand Total: 535 creatures vanquished

Notes
Turn   | Place    | Note
-------+----------+-------------------------------------------
     0 | D:1      | KamiKatze the Kobold Berserker began the quest for the Orb.
     0 | D:1      | Reached XP level 1. HP: 14/14 MP: 1/1
   195 | D:1      | Reached XP level 2. HP: 14/19 MP: 2/2
   215 | D:1      | Reached skill level 3 in Maces & Flails
   474 | D:1      | Reached XP level 3. HP: 10/23 MP: 3/3
   848 | D:1      | Reached ** piety under Trog
   871 | D:1      | You fall through a shaft!
   947 | D:2      | Found a sacrificial altar of Ru.
  1066 | D:1      | Reached XP level 4. HP: 29/29 MP: 4/4
  1374 | D:2      | Found a burning altar of Makhleb.
  1374 | D:2      | Found a shimmering altar of Xom.
  1603 | D:3      | Found a sparkling altar of Nemelex Xobeh.
  1660 | D:3      | Reached XP level 5. HP: 33/33 MP: 5/5
  1968 | D:3      | Reached *** piety under Trog
  2034 | D:3      | Noticed Ijyb
  2066 | D:3      | Killed Ijyb
  2066 | D:3      | Reached skill level 4 in Maces & Flails
  2099 | D:3      | Reached XP level 6. HP: 24/38 MP: 6/6
  2271 | D:3      | Found a runed translucent door.
  2272 | D:3      | Noticed Crazy Yiuf
  2279 | D:3      | Killed Crazy Yiuf
  2437 | D:4      | Found a runed translucent gate.
  2437 | D:4      | Found a runed translucent gate.
  2641 | D:4      | Found Motsead's Jewellery Emporium.
  2668 | D:4      | Noticed Purgy
  2689 | D:4      | Found a sand-covered staircase.
  2704 | Ossuary  | Entered an ossuary
  2727 | Ossuary  | Reached XP level 7. HP: 44/44 MP: 7/7
  2996 | D:4      | Killed Purgy
  2996 | D:4      | Reached skill level 5 in Maces & Flails
  3059 | D:4      | Reached skill level 5 in Fighting
  3089 | D:4      | Found a runed translucent gate.
  3092 | D:4      | Noticed Sondor's ghost (amateur DsCK)
  3102 | D:4      | Found Hibar's Magic Scroll Shoppe.
  3123 | D:4      | Bought a scroll of magic mapping for 49 gold pieces
  3134 | D:4      | Noticed Menkaure
  3143 | D:4      | Killed Menkaure
  3143 | D:4      | Reached XP level 8. HP: 20/49 MP: 8/8
  3246 | D:4      | Reached skill level 5 in Dodging
  3270 | D:4      | Found Joevvepy's Armour Shop.
  3363 | D:4      | Noticed Ethylacetat's ghost (amateur NaGl)
  3364 | D:4      | Noticed Name63's ghost (novice GnWn)
  3364 | D:4      | Noticed 1994's ghost (amateur DEVM)
  3429 | D:5      | Entered Level 5 of the Dungeon
  3934 | D:5      | Reached skill level 6 in Maces & Flails
  4201 | D:5      | Reached skill level 1 in Shields
  4583 | D:6      | Reached XP level 9. HP: 22/55 MP: 9/9
  4714 | D:6      | Reached **** piety under Trog
  4904 | D:6      | Reached skill level 5 in Shields
  5265 | D:6      | Noticed a two-headed ogre
  5280 | D:6      | Killed a two-headed ogre
  5333 | D:6      | Reached XP level 10. HP: 48/60 MP: 10/10
  5375 | D:6      | Found a staircase to the Ecumenical Temple.
  5384 | Temple   | Entered the Ecumenical Temple
  5733 | D:7      | Found an ornate altar of the Wu Jian Council.
  5806 | D:4      | Bought a +2 buckler of poison resistance for 259 gold
                  | pieces
  5933 | D:6      | Reached skill level 7 in Maces & Flails
  6366 | D:7      | Found a glowing golden altar of the Shining One.
  6527 | D:7      | Reached skill level 1 in Evocations
  6539 | D:7      | Found a hazy altar of Hepliaklqana.
  7289 | D:8      | Reached skill level 5 in Armour
  7512 | D:8      | Reached skill level 8 in Maces & Flails
  7560 | D:8      | Noticed a two-headed ogre
  7579 | D:8      | Killed a two-headed ogre
  7847 | D:8      | Reached XP level 11. HP: 35/67 MP: 12/12
  7978 | D:8      | Paralysed by a hornet for 3 turns
  8595 | D:9      | Found a staircase to the Orcish Mines.
  8646 | D:9      | Reached skill level 9 in Maces & Flails
  8917 | D:9      | Found a shadowy altar of Dithmenos.
  8918 | D:9      | Found a deep blue altar of Sif Muna.
  9016 | D:9      | Found a burning altar of Makhleb.
  9128 | D:9      | Reached ***** piety under Trog
  9505 | D:10     | Entered Level 10 of the Dungeon
  9738 | D:10     | Found a staircase to the Lair.
 10727 | Lair:1   | Entered Level 1 of the Lair of Beasts
 10857 | Lair:1   | Reached skill level 10 in Maces & Flails
 11035 | Lair:1   | Reached XP level 12. HP: 75/75 MP: 13/13
 11111 | Lair:1   | Noticed a five-headed hydra
 11122 | Lair:1   | Killed a five-headed hydra
 11558 | Lair:1   | Found the ring of Phasing {EV+8}
 11793 | Lair:1   | Received a gift from Trog
 12081 | Lair:1   | Reached skill level 10 in Dodging
 12598 | Lair:2   | Reached skill level 11 in Maces & Flails
 12681 | Lair:2   | Noticed a five-headed hydra
 12701 | Lair:2   | Killed a five-headed hydra
 13009 | Lair:2   | Reached skill level 10 in Fighting
 13142 | Lair:2   | Reached XP level 13. HP: 39/82 MP: 14/14
 14135 | Lair:3   | Found a radiant altar of Vehumet.
 14360 | Lair:3   | Found a runed translucent gate.
 14401 | Lair:3   | Noticed Nergalle
 14432 | Lair:3   | Killed Nergalle
 14432 | Lair:3   | Reached skill level 12 in Maces & Flails
 14519 | Lair:3   | Noticed a death ooze
 14520 | Lair:3   | Found a runed translucent gate.
 14520 | Lair:3   | Found a runed translucent gate.
 14520 | Lair:3   | Noticed Loywebes's ghost (journeyman MiFi)
 14522 | Lair:3   | Found the +2 cloak of the Thief {+Fog Slay-2 SInv Stlth+}
 14522 | Lair:3   | Found a viscous altar of Jiyva.
 14994 | Lair:4   | Received a gift from Trog
 15917 | Lair:5   | Found an ornate altar of the Wu Jian Council.
 15929 | Lair:5   | Noticed a six-headed hydra
 15988 | Lair:5   | Killed a six-headed hydra
 17034 | Lair:4   | Reached XP level 14. HP: 90/90 MP: 15/15
 17136 | Lair:4   | Found a hole to the Spider Nest.
 17153 | Lair:4   | Identified a scroll of acquirement
 17367 | Lair:4   | Found a staircase to the Shoals.
 17722 | D:4      | Bought an uncursed amulet of regeneration for 420 gold
                  | pieces
 17890 | Orc:1    | Entered Level 1 of the Orcish Mines
 18069 | Orc:2    | Entered Level 2 of the Orcish Mines
 18261 | Orc:2    | Found a staircase to the Elven Halls.
 18542 | Orc:1    | You fall through a shaft!
 18764 | Orc:1    | Noticed Erolcha
 18771 | Orc:1    | Killed Erolcha
 19209 | Orc:2    | Noticed an orc warlord
 19322 | Orc:2    | Killed an orc warlord
 19322 | Orc:2    | Reached skill level 13 in Maces & Flails
 19650 | Orc:2    | Paralysed by an orc sorcerer for 5 turns
 19692 | Orc:2    | Paralysed by an orc sorcerer for 4 turns
 19853 | Orc:2    | HP: 6/135 [orange demon[an orc sorcerer] (3)]
 19854 | Orc:2    | Slain by an ice devil

Skill      XL: |  1  2  3  4  5  6  7  8  9 10 11 12 13 14 |
---------------+-------------------------------------------+-----
Maces & Flails | 3 4 5 6 8 10 11 12 13 | 13.1
Armour         | 2 3 4 5 6 7 8 |  8.7
Dodging        | 3 4 5 6 7 9 10 11 12 | 12.0
Fighting       | 4 5 6 7 8 10 11 | 11.4
Shields        | 3 5 6 7 |  7.1
Evocations     | 2 |  2.0

Action                   |  1- 3 |  4- 6 |  7- 9 | 10-12 | 13-15 || total
-------------------------+-------+-------+-------+-------+-------++-------
Melee: Mace              |   114 |   214 |   157 |       |       ||   485
       Flail             |       |       |   225 |  1621 |   601 ||  2447
       Morningstar       |       |       |       |       |   355 ||   355
Throw: Throwing net      |       |       |       |     1 |       ||     1
Invok: Berserk           |       |     5 |     8 |    10 |     7 ||    30
       Trog's Hand       |       |     1 |     5 |    10 |     3 ||    19
Evoke: Wand              |       |       |       |       |     3 ||     3
  Use: Scroll            |       |     6 |    11 |    10 |     4 ||    31
       Potion            |       |       |       |     2 |     2 ||     4
 Stab: Sleeping          |     3 |     3 |       |       |       ||     6
  Eat: Chunk             |     9 |     9 |    19 |    41 |    30 ||   108
Armor: Animal skin       |    30 |       |       |       |       ||    30
       Ring mail         |     1 |   108 |    87 |       |       ||   196
       Scale mail        |       |       |   170 |       |       ||   170
       Chain mail        |       |       |     7 |   541 |    89 ||   637
       Plate armour      |       |       |       |       |   103 ||   103
Dodge: Dodged            |   118 |   177 |   524 |  1037 |   673 ||  2529
Block: Buckler           |       |       |     7 |   706 |   338 ||  1051
